 Dungeon Crawl Stone Soup version 0.20-a0-842-g939b552 (webtiles) character file.

122 M4edhros the Slasher (level 4, -4/35 HPs)
             Began as a Mummy Chaos Knight on Mar 9, 2017.
             Slain by an orc
             ... wielding a +2 vampiric short sword
              (7 damage)
             ... on level 4 of the Dungeon.
             The game lasted 00:02:57 (3463 turns).

M4edhros the Slasher (Mummy Chaos Knight)           Turns: 3463, Time: 00:02:57

Health: -4/35      AC:  5    Str: 15    XL:     4   Next: 78%
Magic:  4/4        EV:  8    Int: 11    God:    Xom [*.....]
Gold:   71         SH:  8    Dex: 12    Spells: 3/3 levels left

rFire    x . .     SeeInvis .   a - +0 falchion (chaos)
rCold    + . .     Gourm    .   b - +2 leather armour
rNeg     + + +     Faith    .   g - +0 shield
rPois    ∞         Spirit   .   (no helmet)
rElec    .         Reflect  .   (no cloak)
rCorr    +         Harm     .   (no gloves)
MR       .....                  (no boots)
Stlth    +.........             (no amulet)
Regen    0.2/turn               (no ring)
MPRegen  0.1/turn               e - ring of resist corrosion

@: no status effects
A: no food or potions, fire vulnerability, cold resistance 1, negative energy
resistance 3, torment resistance, unbreathing
a: Renounce Religion


You were on level 4 of the Dungeon.
You worshipped Xom.
You were a special plaything of Xom.
You were not hungry.

You visited 1 branch of the dungeon, and saw 4 of its levels.

You collected 71 gold pieces.

Inventory:

Hand Weapons
 a - a +0 falchion of chaos (weapon)
 h - a +1 flail of protection
Armour
 b - a +2 leather armour (worn)
 g - a +0 shield (worn)
Jewellery
 e - a ring of resist corrosion (left hand)
Scrolls
 d - 3 scrolls of teleportation


   Skills:
 - Level 3.0 Fighting
 + Level 4.0 Long Blades
 - Level 1.5 Armour
 - Level 0.7 Dodging
 * Level 1.9 Shields


You had 3 spell levels left.
You didn't know any spells.

Dungeon Overview and Level Annotations

Branches:
Dungeon (4/15)
 Temple: D:4-7

Altars:
Xom

Annotations:
D:4 Robin


Innate Abilities, Weirdness & Mutations

You do not eat or drink.
Your flesh is vulnerable to fire.
You are immune to poison.
Your flesh is cold resistant. (rC+)
You are immune to negative energy. (rN+++)
You are immune to unholy pain and torment.
You can survive without breathing.


Message History

Okay, then.
d - 3 scrolls of teleportation (gained 1)
Found a scroll of amnesia.
You barely miss the orc. You block the orc's attack.
You closely miss the orc. The orc barely misses you.
You riposte.
You barely miss the orc. You hit the orc.
The orc flickers and vanishes!
Deactivating autopickup; reactivate with Ctrl-A.
Something hits you.
* * * LOW HITPOINT WARNING * * *
You miss something. Something hits you.
* * * LOW HITPOINT WARNING * * *
You closely miss something. Something hits you.
* * * LOW HITPOINT WARNING * * *
You miss something. Something hits you.
* * * LOW HITPOINT WARNING * * *
Something hits you but does no damage.
Unknown command.
You miss something. Something hits you!
You die...

# ..g... . ...... .##
....$. #.# ......
###.# ......
######...# ......
##?.......## ......
#..#####{@.## ......
#..## ##....#
...#..##...###.....#
..................##
................?.#
######....##.......#
#####...######......#
.......## ##....##
..#...## ####.#


There were no monsters in sight!

Vanquished Creatures
  An orc priest (D:3)
  An adder (D:3)
  An ooze (D:1)
  6 dart slugs
  3 leopard geckos (D:1)
  4 orcs
  2 giant cockroaches
  8 goblins
  5 hobgoblins
  7 jackals
  6 kobolds
  2 quokkas
  A bat (D:1)
  5 frilled lizards
  4 rats
56 creatures vanquished.

Vanquished Creatures (collateral kills)
  A goblin (D:3)
1 creature vanquished.

Grand Total: 57 creatures vanquished

Notes
Turn   | Place    | Note
-------+----------+-------------------------------------------
     0 | D:1      | M4edhros the Mummy Chaos Knight began the quest for the Orb.
     0 | D:1      | Reached XP level 1. HP: 18/18 MP: 1/1
   319 | D:1      | Reached skill level 3 in Long Blades
   319 | D:1      | Reached XP level 2. HP: 20/24 MP: 2/2
   763 | D:1      | Reached XP level 3. HP: 29/29 MP: 3/3
  1100 | D:1      | XOM: harmless Hex miscast
  1179 | D:1      | XOM is BORED!
  1179 | D:1      | XOM: harmless Hex miscast
  1641 | D:1      | XOM is BORED!
  1641 | D:1      | XOM: noise
  2001 | D:1      | XOM: mild Necr miscast
  2358 | D:3      | XOM: silly message
  2603 | D:3      | Found a faded altar of an unknown god.
  2603 | D:3      | XOM: 2-stop teleportation journey
  2617 | D:3      | Reached skill level 1 in Shields
  2617 | D:3      | Reached XP level 4. HP: 6/35 MP: 4/4
  2619 | D:3      | Reached skill level 4 in Long Blades
  2689 | D:2      | XOM: scenery: create altars
  2940 | D:2      | XOM: smoke on damage
  3269 | D:4      | Noticed Robin
  3304 | D:4      | XOM: blink monster(s)
  3314 | D:4      | XOM: mild Tmut miscast
  3326 | D:4      | Noticed a phantom
  3339 | D:3      | XOM: summons 4 friendly demons
  3357 | D:3      | XOM: swap monsters
  3463 | D:4      | Slain by an orc

Vault maps used:
D:1:      matt_arrival_spirals, minmay_misc_feat_roman
D:2:      grunt_temple_overflow_open, first_bread, uniq_natasha
D:3:      chequers_ecumenical_altar_simple_redux
D:4:      minmay_temple_entry_junction_2, grunt_qazlal_sundering, uniq_robin

Skill      XL: |  1  2  3  4 |
---------------+-------------+-----
Long Blades    | 3 4 |  4.0
Shields        | 1 |  1.9
Fighting       | |  3.0
Armour         | |  1.5
Dodging        | |  0.7

Action                   |  1- 3 |  4- 6 || total
-------------------------+-------+-------++-------
Melee: Falchion          |   101 |    62 ||   163
  Use: Scroll            |       |     3 ||     3
 Stab: Petrified         |     5 |       ||     5
Armor: Leather armour    |    34 |    29 ||    63
Dodge: Dodged            |    62 |    28 ||    90
Block: Shield            |    13 |    34 ||    47
       Rpst.: Falchion   |    20 |     8 ||    28
